Anaheim Ducks vs St.Louis Blues
(R1)
Created - Wednesday, September 27, 2023 at 07:29
Goals
|
| Anaheim Ducks |
0 |
1 |
0 |
1 |
| St.Louis Blues |
3 |
1 |
0 |
4 |
|
Shots
|
| Anaheim Ducks |
12 |
14 |
14 |
40 |
| St.Louis Blues |
17 |
3 |
16 |
36 |
|
1st period
1. St.Louis Blues , Evander Kane 2 (Nico Sturm 5) at 2:16
2. St.Louis Blues , Lawson Crouse 1 (Jake Guentzel 18, Jack Eichel 14) at 4:43
3. St.Louis Blues , Alex Tuch 7 (Jake Guentzel 19, Elias Pettersson 24) at 15:09
Penalties :
Josh Manson (ANA) for Hooking (Minor) at 10:49, Connor Hellebuyck (STL) for Slashing (Double Minor) at 16:54 - Yanni Gourde served the penalty
2nd period
4. St.Louis Blues , Robert Thomas 12 (Jack Eichel 15, Evander Kane 11) at 2:09 (PP)
5. Anaheim Ducks , Calle Jarnkrok 3 (Nazem Kadri 6) at 16:49
Penalties :
Joshua Morrissey (ANA) for Tripping (Minor) at 0:23, Mikhail Sergachev (STL) for Close Hand On Puck (Minor) at 3:42, Andrew Copp (STL) for Hooking (Minor) at 7:39, Jake Sanderson (STL) for Tripping (Minor) at 11:21, Andrew Copp (STL) for Hooking (Minor) at 14:26, Lawson Crouse (STL) for Hooking (Minor) at 19:10
3rd period
No Goal
Penalties :
Lawson Crouse (STL) for Holding (Minor) at 1:47, Nick Leddy (STL) for Tripping (Minor) at 6:50, Mikhail Sergachev (STL) for Hooking (Minor) at 10:36, Sean Kuraly (STL) for Holding (Minor) at 12:51
Goalie Stats
Linus Ullmark (ANA), 32 saves from 36 shots - (0.889), L, 13-7-2, 60:00 minutes
Connor Hellebuyck (STL), 39 saves from 40 shots - (0.975), W, 13-6-2, 60:00 minutes
Players Stats for Anaheim Ducks
Player Name G A P +/- PIM S H SB GA TA FO MP PP MP PK MP
------------------------------------------------------------------------------------
Alex Killorn 0 0 0 -2 0 2 3 0 0 0 0/1 22:38 9:03 1:44
Brayden Schenn 0 0 0 0 0 1 0 0 1 1 0/0 15:55 9:18 0:00
Brenden Dillon 0 0 0 -2 0 1 1 0 0 1 0/0 24:43 8:34 2:21
Calle Jarnkrok 1 0 1 0 0 1 0 1 0 0 0/0 7:42 0:53 0:00
Chandler Stephenson 0 0 0 -2 0 2 0 1 2 0 9/16 22:40 9:05 1:44
Esa Lindell 0 0 0 -1 0 1 1 1 0 0 0/0 24:19 8:34 2:02
Ivan Provorov 0 0 0 0 0 2 2 2 0 0 0/0 11:29 0:00 1:29
J.T. Compher 0 0 0 0 0 1 1 0 0 0 7/10 9:07 1:06 1:28
Jakob Chychrun 0 0 0 -1 0 3 2 0 0 0 0/0 24:56 12:46 0:00
John Tavares 0 0 0 0 0 4 3 0 0 0 24/37 21:24 11:15 0:00
Josh Manson 0 0 0 -1 2 1 0 2 0 1 0/0 11:43 0:00 0:38
Joshua Morrissey 0 0 0 0 2 5 0 1 0 2 0/0 25:09 12:45 0:00
Mark Scheifele 0 0 0 0 0 7 1 0 2 0 0/0 21:45 11:19 0:03
Mason Marchment 0 0 0 0 0 0 1 1 0 0 0/0 6:34 0:00 0:00
Max Domi 0 0 0 -1 0 2 0 0 0 0 2/3 10:21 0:42 0:03
Nazem Kadri 0 1 1 0 0 1 0 0 0 0 4/5 6:35 0:01 0:00
Teuvo Teravainen 0 0 0 0 0 2 0 1 0 0 0/1 7:46 0:00 1:28
William Nylander 0 0 0 0 0 4 2 1 4 0 0/2 21:27 11:18 0:00
Players Stats for St.Louis Blues
Player Name G A P +/- PIM S H SB GA TA FO MP PP MP PK MP
------------------------------------------------------------------------------------
Adam Pelech 0 0 0 0 0 3 1 4 0 1 0/0 20:20 0:00 10:13
Alex Pietrangelo 0 0 0 3 0 1 1 0 0 1 0/0 16:50 1:22 0:00
Alex Tuch 1 0 1 0 0 2 0 0 1 0 0/0 11:54 1:14 0:00
Andrew Copp 0 0 0 0 4 1 0 1 0 0 0/1 8:48 0:00 0:00
Colton Parayko 0 0 0 0 0 1 1 3 0 1 0/0 21:12 0:24 10:31
Elias Pettersson 0 1 1 0 0 3 1 1 0 0 2/6 17:01 1:10 4:41
Evander Kane 1 1 2 1 0 4 0 1 1 0 1/1 6:37 2:01 0:00
Jack Eichel 0 2 2 1 0 2 0 0 1 0 6/18 12:08 2:01 0:00
Jake Guentzel 0 2 2 2 0 5 0 0 1 0 0/1 14:53 1:10 0:59
Jake Sanderson 0 0 0 2 2 3 0 3 0 1 0/0 27:45 1:22 9:44
Lawson Crouse 1 0 1 1 4 2 4 0 0 0 0/0 19:27 0:00 8:46
Mikhail Sergachev 0 0 0 0 4 1 1 1 0 2 0/0 14:04 1:53 2:50
Nick Leddy 0 0 0 -1 2 1 0 2 0 1 0/0 19:01 0:00 9:22
Nico Sturm 0 1 1 1 0 2 0 1 0 1 9/19 15:27 0:00 10:22
Robert Thomas 1 0 1 0 0 1 0 2 0 0 6/11 11:32 2:05 0:46
Sean Kuraly 0 0 0 1 2 1 0 0 1 0 2/6 13:45 0:00 8:39
Tage Thompson 0 0 0 -1 0 1 0 1 0 0 3/12 9:42 1:29 0:00
Yanni Gourde 0 0 0 0 0 2 0 0 0 1 0/0 17:35 0:04 8:27
3 Stars
1 - Connor Hellebuyck (STL)
2 - Evander Kane (STL)
3 - Jake Guentzel (STL)
Power Play
Anaheim Ducks - 0 on 10 Attempt(s) - 0.00%
St.Louis Blues - 1 on 2 Attempt(s) - 50.00%
Penalty Kill
Anaheim Ducks - 1 on 2 Attempt(s) - 50.00%
- Score 0 goal in Penalty Kill
St.Louis Blues - 10 on 10 Attempt(s) - 100.00%
- Score 0 goal in Penalty Kill
Team Stat
Anaheim Ducks - Hits : 17 - Faceoff Wins : 46 - Blocked Shots : 11 - Penalty Minutes : 4
St.Louis Blues - Hits : 9 - Faceoff Wins : 29 - Blocked Shots : 20 - Penalty Minutes : 22
Official
Referees : Eric Furlatt and Dave Jackson
Linesman : Matt MacPherson and Pierre Racicot
Game Notes
No Game Note
Finance
Level 1 -- Attendance: 4488 (74.80%) -- Ticket Income $435,336
Level 2 -- Attendance: 4965 (99.30%) -- Ticket Income $283,005
Level 3 -- Attendance: 2894 (96.47%) -- Ticket Income $98,396
Level 4 -- Attendance: 5000 (100.00%) -- Ticket Income $115,000
Luxury Box -- Attendance: 1000 (100.00%) -- Ticket Income $194,000
Game was played at the Scottrade Center.
Total Attendance: 18347 (91.74%)
Total Ticket Income: $1,125,737
Other Income: $394,008
Total Income: $1,519,745
Anaheim Ducks
5 vs 5 Forward
Center Left Wing Right Wing Time % Phy DF OF
1 John Tavares William Nylander Mark Scheifele 40 1 2 2
2 Chandler Stephenson Alex Killorn Max Domi 30 1 2 2
3 J.T. Compher Teuvo Teravainen Brayden Schenn 20 1 2 2
4 Nazem Kadri Mason Marchment Calle Jarnkrok 10 1 2 2
5 vs 5 Defense
Defense Defense Time % Phy DF OF
1 Esa Lindell Joshua Morrissey 40 1 2 2
2 Brenden Dillon Jakob Chychrun 35 1 2 2
3 Ivan Provorov Josh Manson 25 1 2 2
4 Esa Lindell Ivan Provorov 0 1 2 2
PowerPlay Forward
Center Left Wing Right Wing Time % Phy DF OF
1 John Tavares Mark Scheifele William Nylander 60 1 1 3
2 Chandler Stephenson Alex Killorn Brayden Schenn 40 1 1 3
PowerPlay Defense
Defense Defense Time % Phy DF OF
1 Joshua Morrissey Jakob Chychrun 55 1 2 2
2 Esa Lindell Brenden Dillon 45 1 2 2
Penalty Kill 4 Players Forward
Center Wing Time % Phy DF OF
1 Chandler Stephenson Alex Killorn 55 1 3 1
2 J.T. Compher Teuvo Teravainen 45 1 3 1
Penalty Kill 4 Players Defense
Defense Defense Time % Phy DF OF
1 Esa Lindell Brenden Dillon 50 1 3 1
2 Ivan Provorov Josh Manson 50 1 3 1
Penalty Kill - 3 Players Forward
Forward Time % Phy DF OF
1 Alex Killorn 50 1 3 1
2 J.T. Compher 50 1 3 1
Penalty Kill - 3 Players Defense
Defense Defense Time % Phy DF OF
1 Esa Lindell Brenden Dillon 50 1 3 1
2 Ivan Provorov Josh Manson 50 1 3 1
4 vs 4 Forward
Center Wing Time % Phy DF OF
1 John Tavares William Nylander 50 1 2 2
2 Max Domi Mark Scheifele 50 1 2 2
4 vs 4 Defense
Defense Defense Time % Phy DF OF
1 Esa Lindell Josh Manson 50 1 2 2
2 Brenden Dillon Joshua Morrissey 50 1 2 2
Last Minutes Offensive
Center Left Wing Right Wing Defense Defense
John Tavares William Nylander Mark Scheifele Joshua Morrissey Jakob Chychrun
Last Minutes Defensive
Center Left Wing Right Wing Defense Defense
Chandler Stephenson Alex Killorn Teuvo Teravainen Brenden Dillon Esa Lindell
Goaltenders
Starting : Linus Ullmark
Backup : Jack Campbell
Extra Forwards
Normal : Mark Scheifele, William Nylander, John Tavares - PP : William Nylander, Mark Scheifele - PK : Alex Killorn
Extra Defensemen
Normal : Josh Manson, Esa Lindell, Brenden Dillon - PP : Joshua Morrissey - PK : Esa Lindell, Josh Manson
Penalty Shots
William Nylander, Teuvo Teravainen, Mark Scheifele, Calle Jarnkrok, Alex Killorn
St.Louis Blues
5 vs 5 Forward
Center Left Wing Right Wing Time % Phy DF OF
1 Tage Thompson Elias Pettersson Alex Tuch 30 0 2 3
2 Jack Eichel Jake Guentzel Lawson Crouse 30 0 2 3
3 Robert Thomas Yanni Gourde Andrew Copp 25 1 2 2
4 Nico Sturm Evander Kane Sean Kuraly 15 1 2 2
5 vs 5 Defense
Defense Defense Time % Phy DF OF
1 Jake Sanderson Alex Pietrangelo 40 1 2 2
2 Mikhail Sergachev Colton Parayko 30 1 2 2
3 Nick Leddy Adam Pelech 20 1 2 2
4 Jake Sanderson Alex Pietrangelo 10 1 2 2
PowerPlay Forward
Center Left Wing Right Wing Time % Phy DF OF
1 Elias Pettersson Alex Tuch Jake Guentzel 50 1 0 4
2 Robert Thomas Jack Eichel Evander Kane 50 1 0 4
PowerPlay Defense
Defense Defense Time % Phy DF OF
1 Tage Thompson Mikhail Sergachev 50 0 1 4
2 Alex Pietrangelo Jake Sanderson 50 0 1 4
Penalty Kill 4 Players Forward
Center Wing Time % Phy DF OF
1 Sean Kuraly Yanni Gourde 50 1 4 0
2 Nico Sturm Lawson Crouse 50 1 4 0
Penalty Kill 4 Players Defense
Defense Defense Time % Phy DF OF
1 Adam Pelech Colton Parayko 50 1 4 0
2 Jake Sanderson Nick Leddy 50 1 4 0
Penalty Kill - 3 Players Forward
Forward Time % Phy DF OF
1 Sean Kuraly 50 0 5 0
2 Nico Sturm 50 0 5 0
Penalty Kill - 3 Players Defense
Defense Defense Time % Phy DF OF
1 Adam Pelech Colton Parayko 50 0 5 0
2 Jake Sanderson Nick Leddy 50 0 5 0
4 vs 4 Forward
Center Wing Time % Phy DF OF
1 Elias Pettersson Tage Thompson 50 0 2 3
2 Robert Thomas Alex Tuch 50 0 2 3
4 vs 4 Defense
Defense Defense Time % Phy DF OF
1 Jake Sanderson Alex Pietrangelo 50 0 3 2
2 Colton Parayko Mikhail Sergachev 50 0 3 2
Last Minutes Offensive
Center Left Wing Right Wing Defense Defense
Robert Thomas Elias Pettersson Tage Thompson Alex Tuch Mikhail Sergachev
Last Minutes Defensive
Center Left Wing Right Wing Defense Defense
Nico Sturm Sean Kuraly Yanni Gourde Jake Sanderson Colton Parayko
Goaltenders
Starting : Connor Hellebuyck
Backup : Scott Wedgewood
Extra Forwards
Normal : Nico Sturm, Robert Thomas, Lawson Crouse - PP : Nico Sturm, Robert Thomas - PK : Lawson Crouse
Extra Defensemen
Normal : Nick Leddy, Jake Sanderson, Colton Parayko - PP : Nick Leddy - PK : Jake Sanderson, Colton Parayko
Penalty Shots
Elias Pettersson, Tage Thompson, Alex Tuch, Jack Eichel, Jake Guentzel
% Time on Ice - Anaheim Ducks
Lines # - Real PCT - Wanted PCT - Time Play
Normal Forward
1 - 36% - 40% - 12:33
2 - 27% - 30% - 9:30
3 - 18% - 20% - 6:18
4 - 19% - 10% - 6:34
Normal Defense
1 - 42% - 40% - 14:45
2 - 32% - 35% - 11:09
3 - 24% - 25% - 8:15
4 - 2% - 0% - 0:46
PP Forward
1 - 57% - 60% - 12:05
2 - 43% - 40% - 9:15
PP Defense
1 - 60% - 55% - 12:46
2 - 40% - 45% - 8:34
PK Forward
1 - 53% - 55% - 1:44
2 - 47% - 45% - 1:31
PK Defense
1 - 51% - 50% - 1:39
2 - 49% - 50% - 1:36
PK3 Forward
1 - 0% - 50%
2 - 0% - 50%
PK3 Defense
1 - 0% - 50%
2 - 0% - 50%
44 Forward
1 - 40% - 50% - 0:12
2 - 60% - 50% - 0:18
44 Defense
1 - 40% - 50% - 0:12
2 - 60% - 50% - 0:18
Last Minute Offensive - 0:00
Last Minute Defensive - 0:00
Total
Forward - 60:00
Defense - 60:00
|
% Time on Ice - St.Louis Blues
Lines # - Real PCT - Wanted PCT - Time Play
Normal Forward
1 - 33% - 30% - 11:27
2 - 30% - 30% - 10:36
3 - 24% - 25% - 8:16
4 - 13% - 15% - 4:36
Normal Defense
1 - 37% - 40% - 12:49
2 - 34% - 30% - 11:53
3 - 25% - 20% - 8:53
4 - 4% - 10% - 1:20
PP Forward
1 - 36% - 50% - 1:10
2 - 64% - 50% - 2:05
PP Defense
1 - 46% - 50% - 1:29
2 - 54% - 50% - 1:46
PK Forward
1 - 51% - 50% - 10:47
2 - 49% - 50% - 10:33
PK Defense
1 - 50% - 50% - 10:41
2 - 50% - 50% - 10:39
PK3 Forward
1 - 0% - 50%
2 - 0% - 50%
PK3 Defense
1 - 0% - 50%
2 - 0% - 50%
44 Forward
1 - 40% - 50% - 0:12
2 - 60% - 50% - 0:18
44 Defense
1 - 40% - 50% - 0:12
2 - 60% - 50% - 0:18
Last Minute Offensive - 0:00
Last Minute Defensive - 0:00
Total
Forward - 60:00
Defense - 60:00
|
Play-by-Play
1st period
0:01 of 1st period - John Tavares wins face-off versus Tage Thompson in neutral zone.
0:32 of 1st period - Snap shot by Max Domi.
0:32 of 1st period - Shot Misses the Net.
1:54 of 1st period - Snap shot by Chandler Stephenson.
1:54 of 1st period - Shot Misses the Net.
1:56 of 1st period - Slapshot by Joshua Morrissey.
1:56 of 1st period - Shot Blocked by Nick Leddy.
1:58 of 1st period - Slapshot by Alex Killorn.
1:58 of 1st period - Stopped by Connor Hellebuyck without a rebound.
1:59 of 1st period - John Tavares wins face-off versus Robert Thomas in St.Louis Blues zone.
2:04 of 1st period - Wrist shot by Robert Thomas.
2:04 of 1st period - Shot Misses the Net.
2:06 of 1st period - Slapshot by Adam Pelech.
2:06 of 1st period - Stopped by Linus Ullmark with a rebound.
2:08 of 1st period - Slapshot by Nick Leddy.
2:08 of 1st period - Shot Blocked by Esa Lindell.
2:10 of 1st period - Slapshot by Nick Leddy.
2:10 of 1st period - Shot Hit the Post.
2:12 of 1st period - Wrist shot by Yanni Gourde.
2:12 of 1st period - Stopped by Linus Ullmark with a rebound.
2:14 of 1st period - Snap shot by Adam Pelech.
2:14 of 1st period - Stopped by Linus Ullmark without a rebound.
2:15 of 1st period - Nico Sturm wins face-off versus Chandler Stephenson in Anaheim Ducks zone.
2:16 of 1st period - Snap shot by Evander Kane.
2:16 of 1st period - Goal by Evander Kane - Anaheim Ducks : 0 - St.Louis Blues : 1.
2:17 of 1st period - Jack Eichel wins face-off versus Max Domi in neutral zone.
2:24 of 1st period - Snap shot by Jake Guentzel.
2:24 of 1st period - Shot Blocked by Ivan Provorov.
2:26 of 1st period - Slapshot by Alex Pietrangelo.
2:26 of 1st period - Stopped by Linus Ullmark with a rebound.
2:30 of 1st period - Snap shot by Jake Guentzel.
2:30 of 1st period - Shot Blocked by Josh Manson.
2:32 of 1st period - Slapshot by Jake Sanderson.
2:32 of 1st period - Stopped by Linus Ullmark without a rebound.
2:33 of 1st period - Nico Sturm wins face-off versus John Tavares in Anaheim Ducks zone.
3:21 of 1st period - Snap shot by Alex Pietrangelo.
3:21 of 1st period - Deflect By Yanni Gourde.
3:21 of 1st period - Stopped by Linus Ullmark without a rebound.
3:22 of 1st period - Robert Thomas wins face-off versus Alex Killorn in Anaheim Ducks zone.
3:23 of 1st period - Snap shot by Andrew Copp.
3:23 of 1st period - Stopped by Linus Ullmark with a rebound.
3:53 of 1st period - Wrist shot by Alex Killorn.
3:53 of 1st period - Shot Misses the Net.
3:55 of 1st period - Snap shot by Max Domi.
3:55 of 1st period - Shot Misses the Net.
3:57 of 1st period - Snap shot by Max Domi.
3:57 of 1st period - Shot Blocked by Andrew Copp.
3:59 of 1st period - Snap shot by Esa Lindell.
3:59 of 1st period - Stopped by Connor Hellebuyck without a rebound.
4:00 of 1st period - Jack Eichel wins face-off versus William Nylander in St.Louis Blues zone.
4:41 of 1st period - Wrist shot by Jake Guentzel.
4:41 of 1st period - Shot Misses the Net.
4:43 of 1st period - Wrist shot by Lawson Crouse.
4:43 of 1st period - Goal by Lawson Crouse - Anaheim Ducks : 0 - St.Louis Blues : 2.
4:44 of 1st period - Tage Thompson wins face-off versus John Tavares in neutral zone.
5:12 of 1st period - Off-side.
5:13 of 1st period - J.T. Compher wins face-off versus Nico Sturm in neutral zone.
5:24 of 1st period - Slapshot by Nico Sturm.
5:24 of 1st period - Stopped by Linus Ullmark without a rebound.
5:25 of 1st period - John Tavares wins face-off versus Tage Thompson in Anaheim Ducks zone.
5:30 of 1st period - Mark Scheifele is hit by Adam Pelech and loses puck.
6:23 of 1st period - Wrist shot by Teuvo Teravainen.
6:23 of 1st period - Stopped by Connor Hellebuyck without a rebound.
6:24 of 1st period - John Tavares wins face-off versus Nico Sturm in St.Louis Blues zone.
8:01 of 1st period - Wrist shot by Mark Scheifele.
8:01 of 1st period - Shot Misses the Net.
8:03 of 1st period - Slapshot by Esa Lindell.
8:03 of 1st period - Shot Blocked by Nico Sturm.
8:05 of 1st period - Slapshot by Esa Lindell.
8:05 of 1st period - Deflect By John Tavares.
8:05 of 1st period - Stopped by Connor Hellebuyck with a rebound.
8:46 of 1st period - Snap shot by Jack Eichel.
8:46 of 1st period - Shot Blocked by Calle Jarnkrok.
8:48 of 1st period - Slapshot by Nick Leddy.
8:48 of 1st period - Deflect By Joshua Morrissey.
8:48 of 1st period - Stopped by Linus Ullmark without a rebound.
8:49 of 1st period - John Tavares wins face-off versus Andrew Copp in Anaheim Ducks zone.
8:49 of 1st period - John Tavares is hit by Colton Parayko.
9:01 of 1st period - Snap shot by William Nylander.
9:01 of 1st period - Stopped by Connor Hellebuyck without a rebound.
9:02 of 1st period - John Tavares wins face-off versus Jack Eichel in St.Louis Blues zone.
9:26 of 1st period - Icing by Josh Manson.
9:27 of 1st period - Tage Thompson wins face-off versus Teuvo Teravainen in Anaheim Ducks zone.
9:30 of 1st period - Slapshot by Tage Thompson.
9:30 of 1st period - Deflect By Alex Tuch.
9:30 of 1st period - Shot Blocked by Josh Manson.
9:30 of 1st period - Puck is out of play.
9:31 of 1st period - J.T. Compher wins face-off versus Tage Thompson in Anaheim Ducks zone.
10:08 of 1st period - Slapshot by Alex Tuch.
10:08 of 1st period - Shot Blocked by Teuvo Teravainen.
10:10 of 1st period - Slapshot by Alex Pietrangelo.
10:10 of 1st period - Shot Misses the Net.
10:12 of 1st period - Snap shot by Jake Sanderson.
10:12 of 1st period - Deflect By Elias Pettersson.
10:12 of 1st period - Stopped by Linus Ullmark with a rebound.
10:16 of 1st period - Wrist shot by Elias Pettersson.
10:16 of 1st period - Deflect By Tage Thompson.
10:16 of 1st period - Stopped by Linus Ullmark without a rebound.
10:17 of 1st period - John Tavares wins face-off versus Robert Thomas in Anaheim Ducks zone.
10:22 of 1st period - Snap shot by Mark Scheifele.
10:22 of 1st period - Shot Blocked by Colton Parayko.
10:49 of 1st period - Minor Penalty to Josh Manson for Hooking.
10:50 of 1st period - Chandler Stephenson wins face-off versus Elias Pettersson in Anaheim Ducks zone.
11:34 of 1st period - Icing by Mikhail Sergachev.
11:35 of 1st period - Robert Thomas wins face-off versus Chandler Stephenson in St.Louis Blues zone.
12:16 of 1st period - Snap shot by Jack Eichel.
12:16 of 1st period - Shot Misses the Net.
12:18 of 1st period - Slapshot by Tage Thompson.
12:18 of 1st period - Deflect By Evander Kane.
12:18 of 1st period - Stopped by Linus Ullmark without a rebound.
12:19 of 1st period - Elias Pettersson wins face-off versus J.T. Compher in Anaheim Ducks zone.
12:28 of 1st period - Snap shot by Elias Pettersson.
12:28 of 1st period - Stopped by Linus Ullmark without a rebound.
12:29 of 1st period - J.T. Compher wins face-off versus Elias Pettersson in Anaheim Ducks zone.
12:49 of 1st period - Penalty to Josh Manson is over, Josh Manson is back on ice.
15:07 of 1st period - Backhand shot by Jake Guentzel.
15:07 of 1st period - Stopped by Linus Ullmark with a rebound.
15:09 of 1st period - Wrist shot by Alex Tuch.
15:09 of 1st period - Goal by Alex Tuch - Anaheim Ducks : 0 - St.Louis Blues : 3.
15:10 of 1st period - J.T. Compher wins face-off versus Robert Thomas in neutral zone.
15:13 of 1st period - Wrist shot by Teuvo Teravainen.
15:13 of 1st period - Deflect By J.T. Compher.
15:13 of 1st period - Shot Misses the Net.
15:13 of 1st period - Puck is out of play.
15:14 of 1st period - J.T. Compher wins face-off versus Robert Thomas in St.Louis Blues zone.
15:43 of 1st period - Nick Leddy is hit by Ivan Provorov and loses puck.
15:59 of 1st period - Icing by Nico Sturm.
16:00 of 1st period - Nico Sturm wins face-off versus John Tavares in St.Louis Blues zone.
16:19 of 1st period - Adam Pelech is hit by John Tavares and loses puck.
16:24 of 1st period - Snap shot by William Nylander.
16:24 of 1st period - Stopped by Connor Hellebuyck with a rebound.
16:26 of 1st period - Snap shot by John Tavares.
16:26 of 1st period - Stopped by Connor Hellebuyck with a rebound.
16:28 of 1st period - Slapshot by Mark Scheifele.
16:28 of 1st period - Shot Misses the Net.
16:30 of 1st period - Snap shot by Joshua Morrissey.
16:30 of 1st period - Stopped by Connor Hellebuyck with a rebound.
16:38 of 1st period - Snap shot by William Nylander.
16:38 of 1st period - Shot Misses the Net.
16:40 of 1st period - Slapshot by Ivan Provorov.
16:40 of 1st period - Stopped by Connor Hellebuyck with a rebound.
16:42 of 1st period - Backhand shot by John Tavares.
16:42 of 1st period - Shot Blocked by Adam Pelech.
16:48 of 1st period - Slapshot by John Tavares.
16:48 of 1st period - Shot Blocked by Robert Thomas.
16:50 of 1st period - Slapshot by Joshua Morrissey.
16:50 of 1st period - Stopped by Connor Hellebuyck with a rebound.
16:52 of 1st period - Slapshot by Joshua Morrissey.
16:52 of 1st period - Stopped by Connor Hellebuyck with a rebound.
16:54 of 1st period - Snap shot by Mark Scheifele.
16:54 of 1st period - Stopped by Connor Hellebuyck without a rebound.
16:54 of 1st period - Double Minor Penalty to Connor Hellebuyck for Slashing.
16:55 of 1st period - Chandler Stephenson wins face-off versus Nico Sturm in St.Louis Blues zone.
17:34 of 1st period - Mark Scheifele is hit by Lawson Crouse and loses puck.
19:27 of 1st period - Calle Jarnkrok is hit by Mikhail Sergachev.
Goals for this period are 0 for Anaheim Ducks vs 3 for St.Louis Blues.
Shots for this period are 12 for Anaheim Ducks vs 17 for St.Louis Blues.
2nd period
0:01 of 2nd period - John Tavares wins face-off versus Nico Sturm in neutral zone.
0:16 of 2nd period - Slapshot by Mark Scheifele.
0:16 of 2nd period - Stopped by Connor Hellebuyck without a rebound.
0:17 of 2nd period - Nico Sturm wins face-off versus Chandler Stephenson in St.Louis Blues zone.
0:17 of 2nd period - Nico Sturm is hit by Alex Killorn.
0:23 of 2nd period - Minor Penalty to Joshua Morrissey for Tripping.
0:24 of 2nd period - John Tavares wins face-off versus Elias Pettersson in Anaheim Ducks zone.
0:33 of 2nd period - Snap shot by William Nylander.
0:33 of 2nd period - Stopped by Connor Hellebuyck with a rebound.
0:35 of 2nd period - Backhand shot by Josh Manson.
0:35 of 2nd period - Deflect By William Nylander.
0:35 of 2nd period - Shot Misses the Net.
0:35 of 2nd period - Puck is out of play.
0:36 of 2nd period - Max Domi wins face-off versus Robert Thomas in St.Louis Blues zone.
0:47 of 2nd period - Snap shot by Mark Scheifele.
0:47 of 2nd period - Shot Misses the Net.
0:54 of 2nd period - Penalty to Yanni Gourde is over, Yanni Gourde is back on ice.
1:00 of 2nd period - Icing by Mikhail Sergachev.
1:01 of 2nd period - Chandler Stephenson wins face-off versus Jake Guentzel in St.Louis Blues zone.
1:04 of 2nd period - Slapshot by Chandler Stephenson.
1:04 of 2nd period - Shot Misses the Net.
2:09 of 2nd period - Snap shot by Robert Thomas.
2:09 of 2nd period - Goal by Robert Thomas - Anaheim Ducks : 0 - St.Louis Blues : 4.
2:10 of 2nd period - Chandler Stephenson wins face-off versus Tage Thompson in neutral zone.
2:23 of 2nd period - Snap shot by Chandler Stephenson.
2:23 of 2nd period - Stopped by Connor Hellebuyck without a rebound.
2:24 of 2nd period - Chandler Stephenson wins face-off versus Jack Eichel in St.Louis Blues zone.
2:25 of 2nd period - Slapshot by Max Domi.
2:25 of 2nd period - Shot Misses the Net.
2:27 of 2nd period - Slapshot by Jakob Chychrun.
2:27 of 2nd period - Stopped by Connor Hellebuyck with a rebound.
2:39 of 2nd period - Wrist shot by Alex Killorn.
2:39 of 2nd period - Stopped by Connor Hellebuyck without a rebound.
2:40 of 2nd period - Robert Thomas wins face-off versus John Tavares in St.Louis Blues zone.
2:45 of 2nd period - Wrist shot by Yanni Gourde.
2:45 of 2nd period - Shot Misses the Net.
3:25 of 2nd period - Icing by Mikhail Sergachev.
3:26 of 2nd period - Evander Kane wins face-off versus J.T. Compher in St.Louis Blues zone.
3:42 of 2nd period - Minor Penalty to Mikhail Sergachev for Close Hand On Puck.
3:43 of 2nd period - Nico Sturm wins face-off versus John Tavares in St.Louis Blues zone.
3:43 of 2nd period - Nico Sturm is hit by William Nylander.
4:18 of 2nd period - Wrist shot by Brayden Schenn.
4:18 of 2nd period - Stopped by Connor Hellebuyck with a rebound.
5:42 of 2nd period - Penalty to Mikhail Sergachev is over, Mikhail Sergachev is back on ice.
6:12 of 2nd period - Robert Thomas is hit by J.T. Compher and loses puck.
6:20 of 2nd period - Icing by Colton Parayko.
6:21 of 2nd period - Jack Eichel wins face-off versus Chandler Stephenson in St.Louis Blues zone.
6:38 of 2nd period - Snap shot by Jack Eichel.
6:38 of 2nd period - Stopped by Linus Ullmark without a rebound.
6:39 of 2nd period - Nazem Kadri wins face-off versus Tage Thompson in Anaheim Ducks zone.
6:50 of 2nd period - Snap shot by Calle Jarnkrok.
6:50 of 2nd period - Deflect By Nazem Kadri.
6:50 of 2nd period - Shot Blocked by Tage Thompson.
6:50 of 2nd period - Puck is out of play.
6:51 of 2nd period - Chandler Stephenson wins face-off versus Jack Eichel in St.Louis Blues zone.
7:10 of 2nd period - Jack Eichel is hit by Brenden Dillon and loses puck.
7:31 of 2nd period - Snap shot by John Tavares.
7:31 of 2nd period - Shot Misses the Net.
7:39 of 2nd period - Minor Penalty to Andrew Copp for Hooking.
7:40 of 2nd period - Nico Sturm wins face-off versus John Tavares in St.Louis Blues zone.
8:07 of 2nd period - Alex Killorn is hit by Lawson Crouse and loses puck.
9:39 of 2nd period - Penalty to Andrew Copp is over, Andrew Copp is back on ice.
9:39 of 2nd period - Icing by Nick Leddy.
9:40 of 2nd period - Elias Pettersson wins face-off versus Chandler Stephenson in St.Louis Blues zone.
10:38 of 2nd period - Icing by Calle Jarnkrok.
10:39 of 2nd period - Nazem Kadri wins face-off versus Tage Thompson in Anaheim Ducks zone.
10:45 of 2nd period - Josh Manson is hit by Elias Pettersson and loses puck.
11:14 of 2nd period - Wrist shot by Nazem Kadri.
11:14 of 2nd period - Stopped by Connor Hellebuyck without a rebound.
11:15 of 2nd period - Chandler Stephenson wins face-off versus Jack Eichel in St.Louis Blues zone.
11:21 of 2nd period - Minor Penalty to Jake Sanderson for Tripping.
11:22 of 2nd period - Nico Sturm wins face-off versus John Tavares in St.Louis Blues zone.
13:21 of 2nd period - Penalty to Jake Sanderson is over, Jake Sanderson is back on ice.
13:39 of 2nd period - Wrist shot by Nazem Kadri.
13:39 of 2nd period - Shot Blocked by Adam Pelech.
13:45 of 2nd period - Snap shot by Jake Sanderson.
13:45 of 2nd period - Stopped by Linus Ullmark without a rebound.
13:46 of 2nd period - Nazem Kadri wins face-off versus Tage Thompson in Anaheim Ducks zone.
14:13 of 2nd period - Yanni Gourde is hit by Ivan Provorov and loses puck.
14:26 of 2nd period - Minor Penalty to Andrew Copp for Hooking.
14:27 of 2nd period - Sean Kuraly wins face-off versus John Tavares in St.Louis Blues zone.
15:44 of 2nd period - Jake Sanderson is hit by Alex Killorn and loses puck.
16:26 of 2nd period - Penalty to Andrew Copp is over, Andrew Copp is back on ice.
16:47 of 2nd period - Slapshot by Nazem Kadri.
16:47 of 2nd period - Shot Misses the Net.
16:49 of 2nd period - Snap shot by Calle Jarnkrok.
16:49 of 2nd period - Goal by Calle Jarnkrok - Anaheim Ducks : 1 - St.Louis Blues : 4.
16:50 of 2nd period - John Tavares wins face-off versus Jack Eichel in neutral zone.
16:53 of 2nd period - Snap shot by Mark Scheifele.
16:53 of 2nd period - Shot Misses the Net.
16:55 of 2nd period - Slapshot by Josh Manson.
16:55 of 2nd period - Stopped by Connor Hellebuyck without a rebound.
16:56 of 2nd period - John Tavares wins face-off versus Jack Eichel in St.Louis Blues zone.
17:09 of 2nd period - Snap shot by Mark Scheifele.
17:09 of 2nd period - Stopped by Connor Hellebuyck without a rebound.
17:10 of 2nd period - Chandler Stephenson wins face-off versus Jack Eichel in St.Louis Blues zone.
18:28 of 2nd period - Wrist shot by Max Domi.
18:28 of 2nd period - Stopped by Connor Hellebuyck with a rebound.
18:30 of 2nd period - Slapshot by Joshua Morrissey.
18:30 of 2nd period - Stopped by Connor Hellebuyck with a rebound.
18:32 of 2nd period - Wrist shot by Max Domi.
18:32 of 2nd period - Shot Misses the Net.
18:34 of 2nd period - Slapshot by Chandler Stephenson.
18:34 of 2nd period - Shot Misses the Net.
18:40 of 2nd period - Snap shot by Alex Killorn.
18:40 of 2nd period - Shot Misses the Net.
18:42 of 2nd period - Slapshot by Esa Lindell.
18:42 of 2nd period - Shot Blocked by Nick Leddy.
18:44 of 2nd period - Snap shot by Chandler Stephenson.
18:44 of 2nd period - Shot Blocked by Adam Pelech.
18:46 of 2nd period - Snap shot by Alex Killorn.
18:46 of 2nd period - Deflect By Max Domi.
18:46 of 2nd period - Shot Blocked by Adam Pelech.
18:46 of 2nd period - Puck is out of play.
18:47 of 2nd period - John Tavares wins face-off versus Jack Eichel in St.Louis Blues zone.
19:10 of 2nd period - Minor Penalty to Lawson Crouse for Hooking.
19:11 of 2nd period - John Tavares wins face-off versus Nico Sturm in St.Louis Blues zone.
19:12 of 2nd period - Wrist shot by Mark Scheifele.
19:12 of 2nd period - Stopped by Connor Hellebuyck with a rebound.
19:14 of 2nd period - Wrist shot by Jakob Chychrun.
19:14 of 2nd period - Shot Blocked by Elias Pettersson.
19:28 of 2nd period - Slapshot by William Nylander.
19:28 of 2nd period - Deflect By Mark Scheifele.
19:28 of 2nd period - Stopped by Connor Hellebuyck with a rebound.
19:52 of 2nd period - Snap shot by Sean Kuraly.
19:52 of 2nd period - Shot Blocked by William Nylander.
Goals for this period are 1 for Anaheim Ducks vs 1 for St.Louis Blues.
Shots for this period are 14 for Anaheim Ducks vs 3 for St.Louis Blues.
3rd period
0:01 of 3rd period - John Tavares wins face-off versus Nico Sturm in neutral zone.
0:35 of 3rd period - Icing by Joshua Morrissey.
0:36 of 3rd period - Nico Sturm wins face-off versus William Nylander in Anaheim Ducks zone.
0:41 of 3rd period - Snap shot by Elias Pettersson.
0:41 of 3rd period - Shot Misses the Net.
0:43 of 3rd period - Wrist shot by Nico Sturm.
0:43 of 3rd period - Shot Hit the Post.
0:45 of 3rd period - Slapshot by Adam Pelech.
0:45 of 3rd period - Stopped by Linus Ullmark without a rebound.
0:46 of 3rd period - Chandler Stephenson wins face-off versus Sean Kuraly in Anaheim Ducks zone.
0:53 of 3rd period - Slapshot by Brayden Schenn.
0:53 of 3rd period - Shot Misses the Net.
1:03 of 3rd period - Snap shot by Chandler Stephenson.
1:03 of 3rd period - Shot Hit the Post.
1:10 of 3rd period - Penalty to Lawson Crouse is over, Lawson Crouse is back on ice.
1:17 of 3rd period - Slapshot by Jake Guentzel.
1:17 of 3rd period - Stopped by Linus Ullmark without a rebound.
1:18 of 3rd period - Jack Eichel wins face-off versus J.T. Compher in Anaheim Ducks zone.
1:21 of 3rd period - Snap shot by Jake Guentzel.
1:21 of 3rd period - Stopped by Linus Ullmark with a rebound.
1:23 of 3rd period - Slapshot by Alex Pietrangelo.
1:23 of 3rd period - Deflect By Jake Guentzel.
1:23 of 3rd period - Shot Blocked by Ivan Provorov.
1:23 of 3rd period - Puck is out of play.
1:24 of 3rd period - J.T. Compher wins face-off versus Jack Eichel in Anaheim Ducks zone.
1:33 of 3rd period - Snap shot by Lawson Crouse.
1:33 of 3rd period - Stopped by Linus Ullmark with a rebound.
1:35 of 3rd period - Wrist shot by Jake Guentzel.
1:35 of 3rd period - Stopped by Linus Ullmark without a rebound.
1:36 of 3rd period - John Tavares wins face-off versus Jack Eichel in Anaheim Ducks zone.
1:36 of 3rd period - John Tavares is hit by Lawson Crouse.
1:47 of 3rd period - Minor Penalty to Lawson Crouse for Holding.
1:48 of 3rd period - John Tavares wins face-off versus Nico Sturm in St.Louis Blues zone.
2:32 of 3rd period - Colton Parayko is hit by Jakob Chychrun and loses puck.
3:01 of 3rd period - Snap shot by Chandler Stephenson.
3:01 of 3rd period - Stopped by Connor Hellebuyck without a rebound.
3:02 of 3rd period - John Tavares wins face-off versus Sean Kuraly in St.Louis Blues zone.
3:05 of 3rd period - Wrist shot by Mark Scheifele.
3:05 of 3rd period - Shot Misses the Net.
3:07 of 3rd period - Snap shot by Mark Scheifele.
3:07 of 3rd period - Shot Misses the Net.
3:09 of 3rd period - Snap shot by William Nylander.
3:09 of 3rd period - Shot Misses the Net.
3:11 of 3rd period - Snap shot by John Tavares.
3:11 of 3rd period - Stopped by Connor Hellebuyck with a rebound.
3:47 of 3rd period - Penalty to Lawson Crouse is over, Lawson Crouse is back on ice.
4:05 of 3rd period - Snap shot by Jake Guentzel.
4:05 of 3rd period - Stopped by Linus Ullmark without a rebound.
4:06 of 3rd period - J.T. Compher wins face-off versus Jack Eichel in Anaheim Ducks zone.
4:30 of 3rd period - Off-side.
4:31 of 3rd period - Robert Thomas wins face-off versus Chandler Stephenson in neutral zone.
5:10 of 3rd period - Slapshot by Elias Pettersson.
5:10 of 3rd period - Stopped by Linus Ullmark without a rebound.
5:11 of 3rd period - John Tavares wins face-off versus Jack Eichel in Anaheim Ducks zone.
5:11 of 3rd period - John Tavares is hit by Lawson Crouse.
5:23 of 3rd period - Slapshot by William Nylander.
5:23 of 3rd period - Shot Blocked by Jake Sanderson.
5:27 of 3rd period - Wrist shot by William Nylander.
5:27 of 3rd period - Shot Blocked by Jake Sanderson.
5:47 of 3rd period - Snap shot by Robert Thomas.
5:47 of 3rd period - Shot Misses the Net.
5:49 of 3rd period - Wrist shot by Andrew Copp.
5:49 of 3rd period - Shot Misses the Net.
5:59 of 3rd period - Slapshot by Jakob Chychrun.
5:59 of 3rd period - Shot Blocked by Mikhail Sergachev.
6:26 of 3rd period - Slapshot by Mikhail Sergachev.
6:26 of 3rd period - Deflect By Evander Kane.
6:26 of 3rd period - Stopped by Linus Ullmark without a rebound.
6:27 of 3rd period - Jack Eichel wins face-off versus John Tavares in Anaheim Ducks zone.
6:42 of 3rd period - Snap shot by Mark Scheifele.
6:42 of 3rd period - Stopped by Connor Hellebuyck with a rebound.
6:44 of 3rd period - Snap shot by William Nylander.
6:44 of 3rd period - Shot Misses the Net.
6:50 of 3rd period - Minor Penalty to Nick Leddy for Tripping.
6:51 of 3rd period - John Tavares wins face-off versus Sean Kuraly in St.Louis Blues zone.
7:08 of 3rd period - Snap shot by John Tavares.
7:08 of 3rd period - Shot Misses the Net.
7:28 of 3rd period - Slapshot by Lawson Crouse.
7:28 of 3rd period - Shot Misses the Net.
7:42 of 3rd period - Sean Kuraly is hit by Mark Scheifele and loses puck.
8:19 of 3rd period - Adam Pelech is hit by John Tavares and loses puck.
8:50 of 3rd period - Penalty to Nick Leddy is over, Nick Leddy is back on ice.
9:01 of 3rd period - Ivan Provorov is hit by Alex Pietrangelo and loses puck.
9:48 of 3rd period - Andrew Copp is hit by Alex Killorn and loses puck.
9:59 of 3rd period - Slapshot by Evander Kane.
9:59 of 3rd period - Stopped by Linus Ullmark without a rebound.
10:00 of 3rd period - Nazem Kadri wins face-off versus Nico Sturm in Anaheim Ducks zone.
10:05 of 3rd period - Snap shot by Mason Marchment.
10:05 of 3rd period - Deflect By Nazem Kadri.
10:05 of 3rd period - Shot Blocked by Evander Kane.
10:05 of 3rd period - Puck is out of play.
10:06 of 3rd period - John Tavares wins face-off versus Tage Thompson in St.Louis Blues zone.
10:07 of 3rd period - Snap shot by William Nylander.
10:07 of 3rd period - Shot Blocked by Colton Parayko.
10:09 of 3rd period - Slapshot by Brenden Dillon.
10:09 of 3rd period - Shot Misses the Net.
10:36 of 3rd period - Minor Penalty to Mikhail Sergachev for Hooking.
10:37 of 3rd period - Sean Kuraly wins face-off versus John Tavares in St.Louis Blues zone.
10:37 of 3rd period - Sean Kuraly is hit by William Nylander.
10:54 of 3rd period - Colton Parayko is hit by Jakob Chychrun and loses puck.
11:31 of 3rd period - Icing by John Tavares.
11:32 of 3rd period - John Tavares wins face-off versus Sean Kuraly in Anaheim Ducks zone.
11:57 of 3rd period - Snap shot by Nico Sturm.
11:57 of 3rd period - Shot Blocked by Chandler Stephenson.
11:59 of 3rd period - Slapshot by Colton Parayko.
11:59 of 3rd period - Stopped by Linus Ullmark with a rebound.
12:36 of 3rd period - Penalty to Mikhail Sergachev is over, Mikhail Sergachev is back on ice.
12:51 of 3rd period - Minor Penalty to Sean Kuraly for Holding.
12:52 of 3rd period - John Tavares wins face-off versus Nico Sturm in St.Louis Blues zone.
13:20 of 3rd period - Off-side.
13:21 of 3rd period - John Tavares wins face-off versus Elias Pettersson in neutral zone.
13:28 of 3rd period - Wrist shot by John Tavares.
13:28 of 3rd period - Shot Blocked by Colton Parayko.
13:30 of 3rd period - Slapshot by Jakob Chychrun.
13:30 of 3rd period - Deflect By Adam Pelech.
13:30 of 3rd period - Stopped by Connor Hellebuyck with a rebound.
13:32 of 3rd period - Snap shot by John Tavares.
13:32 of 3rd period - Stopped by Connor Hellebuyck without a rebound.
13:33 of 3rd period - John Tavares wins face-off versus Nico Sturm in St.Louis Blues zone.
14:34 of 3rd period - Nico Sturm is hit by John Tavares and loses puck.
14:51 of 3rd period - Penalty to Sean Kuraly is over, Sean Kuraly is back on ice.
15:01 of 3rd period - Wrist shot by Robert Thomas.
15:01 of 3rd period - Shot Blocked by Mason Marchment.
15:03 of 3rd period - Slapshot by Jake Sanderson.
15:03 of 3rd period - Stopped by Linus Ullmark with a rebound.
15:05 of 3rd period - Snap shot by Sean Kuraly.
15:05 of 3rd period - Shot Blocked by Joshua Morrissey.
15:35 of 3rd period - Snap shot by Mikhail Sergachev.
15:35 of 3rd period - Stopped by Linus Ullmark without a rebound.
15:36 of 3rd period - Max Domi wins face-off versus Tage Thompson in Anaheim Ducks zone.
15:43 of 3rd period - Slapshot by Ivan Provorov.
15:43 of 3rd period - Stopped by Connor Hellebuyck without a rebound.
15:44 of 3rd period - Robert Thomas wins face-off versus John Tavares in St.Louis Blues zone.
16:14 of 3rd period - Slapshot by Mark Scheifele.
16:14 of 3rd period - Shot Blocked by Jake Sanderson.
16:32 of 3rd period - Wrist shot by Nico Sturm.
16:32 of 3rd period - Stopped by Linus Ullmark with a rebound.
16:40 of 3rd period - Wrist shot by Teuvo Teravainen.
16:40 of 3rd period - Stopped by Connor Hellebuyck with a rebound.
16:42 of 3rd period - Snap shot by J.T. Compher.
16:42 of 3rd period - Stopped by Connor Hellebuyck without a rebound.
16:43 of 3rd period - Jack Eichel wins face-off versus John Tavares in St.Louis Blues zone.
17:00 of 3rd period - Wrist shot by Jack Eichel.
17:00 of 3rd period - Deflect By John Tavares.
17:00 of 3rd period - Stopped by Linus Ullmark with a rebound.
17:40 of 3rd period - Snap shot by Max Domi.
17:40 of 3rd period - Stopped by Connor Hellebuyck with a rebound.
17:42 of 3rd period - Slapshot by Joshua Morrissey.
17:42 of 3rd period - Stopped by Connor Hellebuyck with a rebound.
17:44 of 3rd period - Slapshot by Joshua Morrissey.
17:44 of 3rd period - Shot Misses the Net.
17:46 of 3rd period - Slapshot by Joshua Morrissey.
17:46 of 3rd period - Shot Misses the Net.
17:48 of 3rd period - Wrist shot by Alex Killorn.
17:48 of 3rd period - Shot Blocked by Robert Thomas.
17:50 of 3rd period - Snap shot by Max Domi.
17:50 of 3rd period - Shot Misses the Net.
18:06 of 3rd period - Snap shot by Alex Tuch.
18:06 of 3rd period - Stopped by Linus Ullmark without a rebound.
18:07 of 3rd period - Tage Thompson wins face-off versus John Tavares in Anaheim Ducks zone.
18:16 of 3rd period - Snap shot by Jakob Chychrun.
18:16 of 3rd period - Deflect By Tage Thompson.
18:16 of 3rd period - Stopped by Connor Hellebuyck with a rebound.
18:18 of 3rd period - Slapshot by Brenden Dillon.
18:18 of 3rd period - Stopped by Connor Hellebuyck with a rebound.
18:20 of 3rd period - Snap shot by William Nylander.
18:20 of 3rd period - Stopped by Connor Hellebuyck with a rebound.
18:22 of 3rd period - Wrist shot by John Tavares.
18:22 of 3rd period - Shot Misses the Net.
18:24 of 3rd period - Wrist shot by Mark Scheifele.
18:24 of 3rd period - Stopped by Connor Hellebuyck without a rebound.
18:25 of 3rd period - Robert Thomas wins face-off versus Chandler Stephenson in St.Louis Blues zone.
18:25 of 3rd period - Robert Thomas is hit by Esa Lindell.
19:33 of 3rd period - Wrist shot by Evander Kane.
19:33 of 3rd period - Deflect By Sean Kuraly.
19:33 of 3rd period - Stopped by Linus Ullmark without a rebound.
19:34 of 3rd period - Nico Sturm wins face-off versus Nazem Kadri in Anaheim Ducks zone.
19:41 of 3rd period - Adam Pelech is hit by Mason Marchment and loses puck.
Goals for this period are 0 for Anaheim Ducks vs 0 for St.Louis Blues.
Shots for this period are 14 for Anaheim Ducks vs 16 for St.Louis Blues.
Back to the Top